 Dungeon Crawl Stone Soup version 0.20.0-15-g7f486f2 (webtiles) character file.

527 sagitran the Sneak (level 7, -6/47 HPs)
             Began as an Octopode Assassin on June 9, 2017.
             Was an Initiate of Ru.
             Mangled by an iguana (14 damage)
             ... on level 4 of the Dungeon.
             The game lasted 00:52:17 (2069 turns).

sagitran the Sneak (Octopode Assassin)              Turns: 2069, Time: 00:52:17

Health: -6/47      AC:  2    Str: 13    XL:     7   Next: 23%
Magic:  6/6        EV: 11    Int: 14    God:    Ru [......]
Gold:   142        SH: 10    Dex: 14    Spells: 6/6 levels left

rFire    . . .     SeeInvis .   a - +2 dagger
rCold    . . .     Gourm    .   p - +3 shield
rNeg     . . .     Faith    .   (helmet restricted)
rPois    .         Spirit   .   (no amulet)
rElec    .         Reflect  .   m - ring of stealth
rCorr    .         Harm     .   (no ring)
MR       +....                  (no ring)
Stlth    ++++++....             (no ring)
Regen    0.2/turn               (no ring)
MPRegen  0.1/turn               (no ring)
                                (no ring)
                                (no ring)

@: no status effects
A: almost no armour, stealthy swim, amphibious, 8 rings, constrict 8, rugged
brown scales 1, camouflage 1, low mp 1, magic resistance 1, strong 1, gelatinous
body 1
a: Sacrifice Skill, Sacrifice Purity, Sacrifice Words, Reject Sacrifices,
Renounce Religion


You were on level 4 of the Dungeon.
You worshipped Ru.
Ru was noncommittal.
You were not hungry.

You visited 1 branch of the dungeon, and saw 4 of its levels.

You collected 142 gold pieces.

Inventory:

Hand Weapons
 a - a +2 dagger (weapon)
 b - a +0 blowgun
 i - a +0 vampiric whip
Missiles
 c - 7 poisoned needles
 d - 2 curare-tipped needles
 l - 5 tomahawks (quivered)
Armour
 p - a +3 shield (worn)
Jewellery
 m - a ring of stealth (left tentacle)
Scrolls
 e - a scroll of blinking
 n - a scroll of remove curse
 q - a scroll of teleportation
Comestibles
 f - 2 bread rations
 g - a royal jelly
 h - 6 chunks of flesh
 k - 2 meat rations


   Skills:
 + Level 3.0 Fighting
 + Level 4.3 Short Blades
 + Level 1.4 Maces & Flails
 + Level 3.1 Throwing
 + Level 2.8 Dodging
 + Level 7.6 Stealth
 + Level 1.0 Shields


You had 6 spell levels left.
You didn't know any spells.

Dungeon Overview and Level Annotations

Branches:
Dungeon (4/15)
 Temple: D:4-7

Altars:
Ashenzari
Ru


Innate Abilities, Weirdness & Mutations

You cannot wear most types of armour.
You are very stealthy in the water. (Stealth+)
You are amphibious.
You can wear up to eight rings at the same time.
You can use your tentacles to constrict eight enemies at once.
Your skin changes colour to match your surroundings (Stealth+).
Your rubbery body absorbs attacks. (AC +1, EV +1)
You are partially covered in rugged brown scales. (AC +1, +3% HP)
Your magical capacity is low. (-10% MP)
You are resistant to hostile enchantments. (MR+)
Your muscles are strong. (Str +2)


Message History

a flail; an orc corpse You feel sick.
You feel sick.
You are no longer poisoned.
Some of the chunks of flesh in your inventory have rotted away.
A frilled lizard comes into view.
A frilled lizard and a giant cockroach come into view.
The helpless frilled lizard fails to defend itself.
You perforate the frilled lizard like a sieve!!!
You kill the frilled lizard!
Ru believes you are ready to make a new sacrifice.
An iguana comes into view.
Found 7 poisoned needles.
The helpless giant cockroach fails to defend itself.
You spit the giant cockroach like a pig!!!
You kill the giant cockroach!
You see here 7 poisoned needles.
The iguana hisses angrily.
The iguana bites you!
You die...

#######.#####.. .
.................
#######.#.##.....
.. #.#.##......
#.##.#.#.##.......
#.l....#(##.#...##.
.................
####.####.##.##..
#.....@.......
######l##.##.. #..
.. . .... ..# ####.
## .# #


You could see an iguana.

Vanquished Creatures
  Sigmund (D:3)
  The ghost of theemperora the Digger, an amateur DEEE of Vehumet (D:3)
  2 hounds
  3 orc priests
  An orc wizard (D:4)
  A worker ant (D:3)
  3 adders
  A worm (D:3)
  3 dart slugs
  15 orcs
  A ball python (D:1)
  5 bats
  3 giant cockroaches
  4 goblins
  A hobgoblin (D:2)
  4 jackals (D:2)
  A quokka (D:3)
  6 frilled lizards
  4 kobolds
  5 rats
65 creatures vanquished.

Notes
Turn   | Place    | Note
-------+----------+-------------------------------------------
     0 | D:1      | sagitran the Octopode Assassin began the quest for the Orb.
     0 | D:1      | Reached XP level 1. HP: 14/14 MP: 1/1
    89 | D:1      | Found a shattered altar of Ashenzari.
   107 | D:1      | Reached XP level 2. HP: 19/19 MP: 2/2
   969 | D:2      | Reached XP level 3. HP: 23/24 MP: 3/3
  1051 | D:2      | Reached skill level 6 in Stealth
  1055 | D:2      | Gained mutation: You are resistant to hostile enchantments. (MR+) [potion of mutation]
  1055 | D:2      | Gained mutation: You are partially covered in rugged brown scales. (AC +1, +3% HP) [potion of mutation]
  1055 | D:2      | Gained mutation: Your magical capacity is low. (-10% MP) [potion of mutation]
  1055 | D:2      | Gained mutation: Your muscles are strong. (Str +2) [potion of mutation]
  1080 | D:2      | Found a sacrificial altar of Ru.
  1086 | D:2      | Became a worshipper of Ru the Awakened
  1099 | D:3      | Reached XP level 4. HP: 10/29 MP: 3/3
  1102 | D:3      | Noticed theemperora's ghost (amateur DEEE)
  1293 | D:3      | Reached XP level 5. HP: 17/36 MP: 4/4
  1326 | D:3      | Noticed Sigmund
  1336 | D:3      | Killed Sigmund
  1336 | D:3      | Reached skill level 1 in Maces & Flails
  1336 | D:3      | Reached skill level 7 in Stealth
  1336 | D:3      | Reached XP level 6. HP: 23/42 MP: 5/5
  1820 | D:3      | Killed theemperora's ghost
  2024 | D:4      | Reached skill level 1 in Shields
  2024 | D:4      | Reached XP level 7. HP: 40/46 MP: 6/6
  2069 | D:4      | Mangled by an iguana

Skill      XL: |  1  2  3  4  5  6  7 |
---------------+----------------------+-----
Stealth        | 6 7 |  7.6
Short Blades   | 3 4 |  4.3
Maces & Flails | 1 |  1.4
Throwing       | 3 |  3.1
Dodging        | 2 |  2.8
Shields        | 1 |  1.0
Fighting       | 3 |  3.0

Action                   |  1- 3 |  4- 6 |  7- 9 || total
-------------------------+-------+-------+-------++-------
Melee: Dagger            |    52 |    68 |    12 ||   132
       Constrict         |    13 |    19 |     3 ||    35
       Tentacles         |     5 |    18 |     3 ||    26
       Whip              |       |    17 |       ||    17
 Fire: Blowgun           |    10 |       |       ||    10
Throw: Throwing net      |     1 |       |       ||     1
       Tomahawk          |       |     7 |       ||     7
  Use: Scroll            |     8 |     2 |     1 ||    11
       Potion            |     3 |     1 |       ||     4
 Stab: Sleeping          |     7 |     6 |     2 ||    15
  Eat: Meat ration       |       |     1 |       ||     1
       Chunk             |       |     1 |       ||     1
       Bread ration      |       |     1 |       ||     1
Armor: Skin              |     1 |     5 |       ||     6
Dodge: Dodged            |    22 |    27 |       ||    49
Block: Buckler           |     9 |    11 |       ||    20
       Shield            |       |     9 |     6 ||    15
